 Dungeon Crawl Stone Soup version 0.31-a0-868-g674d60d6f7 (webtiles) character file.

Game seed: 122909396939300607

2951 avis the Nimble (level 9, -1/40 HPs)
             Began as a Felid Artificer on Oct 11, 2023.
             Slain by a howler monkey (7 damage)
             ... on level 6 of the Dungeon on Oct 12, 2023.
             The game lasted 00:47:04 (6940 turns).

avis the Nimble (Felid Artificer)                   Turns: 6940, Time: 00:47:05

Health: -1/40      AC:  2    Str: 10    XL:     9   Next: 51%
Magic:  20/20      EV: 28    Int: 12    God:
Gold:   260        SH:  0    Dex: 19    Spells: 8/10 levels left
                                        Lives:  0   Deaths: 3

rFire   . .          .
                       - Unarmed
rCold   . . .        (shield unavailable)
rNeg    . . .        (body armour unavailable)
rPois   .            (helmet unavailable)
rElec   .            (cloak unavailable)
rCorr   .            (gloves unavailable)
SInv    +            (boots unavailable)
Will    +....        h - amulet of regeneration
Stlth   +++          e - +4 ring of slaying
HPRegen 0.00/turn    p - ring of magical power
MPRegen 0.17/turn

%: no passive effects
@: inhibited regen, quick
A: very small, claws 1, fangs 3, see invisible, speed 1, shaggy fur 2, stealthy
paws, no weapons or thrown items, no armour, multi-lived, mutation resistance 1,
inhibited regeneration
a: no special abilities


You were on level 6 of the Dungeon.
You visited 1 branch of the dungeon, and saw 7 of its levels.
You also visited: Ossuary.

You collected 260 gold pieces.

Inventory:

Jewellery
 e - a +4 ring of slaying (left paw)
 h - an amulet of regeneration (around neck)
 i - a ring of flight
 l - an amulet of magic regeneration
 p - a ring of magical power (right paw)
 x - an amulet of magic regeneration
Wands
 a - a wand of flame (1) (quivered)
 b - a wand of charming (13)
 c - a wand of polymorph (23)
 D - a wand of light (6)
Scrolls
 d - a scroll of fear
 g - 5 scrolls of enchant armour {unknown}
 k - a scroll of blinking {unknown}
 m - 2 scrolls of amnesia {unknown}
 n - 2 scrolls of enchant weapon {unknown}
 o - 6 scrolls of teleportation {unknown}
 q - 4 scrolls of poison {unknown}
 r - a scroll of acquirement {unknown}
 t - a scroll of vulnerability {unknown}
 w - 2 scrolls of fog {unknown}
 y - a scroll of brand weapon {unknown}
Potions
 f - 3 potions of curing
 j - 2 potions of brilliance
 s - 3 potions of haste
 u - a potion of lignification {unknown}
 v - 2 potions of attraction
 z - 2 potions of enlightenment {unknown}
 A - 3 potions of heal wounds
 B - a potion of resistance {unknown}
 C - a potion of might
 E - 2 potions of cancellation
 F - a potion of degeneration {unknown}
 G - a potion of magic {unknown}


   Skills:
 - Level 5.0 Fighting
 * Level 14.2 Dodging
 - Level 5.0 Stealth
 - Level 3.0 Unarmed Combat
 - Level 1.0 Spellcasting
 - Level 3.0 Translocations
 - Level 4.0 Evocations


You had 8 spell levels left.
You knew the following spells:

 Your Spells              Type           Power      Damage    Failure   Level
b - Blink                 Tloc           14%        N/A       13%         2

Your spell library contained the following spells:

 Spells                   Type           Power      Damage    Failure   Level
 Lesser Beckoning         Tloc           14%        N/A       13%         2
 Momentum Strike          Conj/Tloc      8%         3d8       24%         2
 Sting                    Tmut/Pois      0%         1d3       30%         1
 Ensorcelled Hibernation  Hex/Ice        0%         N/A       41%         2
 Jinxbite                 Hex            0%         N/A       41%         2
 Poisonous Vapours        Pois/Air       0%         N/A       41%         2
 Wereblood                Tmut           0%         N/A       41%         2
 Volatile Blastmotes      Fire/Tloc      8%         2d10      43%         3
 Dazzling Flash           Conj/Hex       0%         N/A       65%         3
 Anguish                  Hex/Necr       0%         N/A       96%         4
 Olgreb's Toxic Radiance  Pois           0%         N/A       96%         4
 Irradiate                Conj/Tmut      0%         3d11      100%        5
 Starburst                Conj/Fire      0%         6d3       100%        6
 Maxwell's Capacitive Co  Air            0%         ∞         100%        8


Dungeon Overview and Level Annotations

Branches:
Dungeon (7/15)             Temple (0/1) D:6         Ossuary (visited)

Altars:

Shops:
D:4 ?

Annotations:
D:6 exclusion: oklob sapling


Innate Abilities, Weirdness & Mutations

You have sharp claws.
You have razor-sharp teeth.
You have supernaturally acute eyesight. (SInv)
You cover ground quickly. (Speed+)
You are covered in thick fur. (AC +2)
Your paws help you pounce on unaware monsters.
You are incapable of wielding weapons or throwing items.
You cannot wear armour.
You gain extra lives every three experience levels.
You are somewhat resistant to further mutation.
You do not regenerate when monsters are visible.


Message History

You scratch the ice beast but do no damage.
The ice beast is lightly wounded.
The howler monkey hoots and howls with incredible vigour!
The ice beast hits you. The ice beast freezes you!
You barely miss the ice beast.
You claw the ice beast, but do no damage.
You bite the ice beast.
The ice beast is lightly wounded.
The ice beast misses you.
You claw the ice beast! Your bite misses the ice beast.
The ice beast is moderately wounded.
The ice beast hits you but does no damage.
You scratch the ice beast but do no damage.
Your claw misses the ice beast. You bite the ice beast.
The ice beast is heavily wounded.
You claw the ice beast!
The ice beast is severely wounded.
The ice beast hits you. The ice beast freezes you.
You scratch the ice beast.
The ice beast is almost dead.
The ice beast hits you but does no damage.
You barely miss the ice beast. Your bite misses the ice beast.
The ice beast is almost dead.
The ice beast misses you.
You barely miss the ice beast.
The ice beast is almost dead.
The howler monkey hoots and howls with incredible vigour!
The ice beast hits you.
* * * LOW HITPOINT WARNING * * *
The ice beast freezes you.
* * * LOW HITPOINT WARNING * * *
Aiming: Throw Flame
Press: ? - help, Shift-Dir - straight line, f - ice beast
Aim: an ice beast (almost dead, 71% to hit)
The puff of flame hits the ice beast!
The ice beast melts!
You kill the ice beast!
You scratch the howler monkey.
The howler monkey is lightly wounded.
The howler monkey hits you!
You die...

♣ ♣♣.♣
♣♣♣.....♣
#.##.#.#.
♣♣..♣
♣.....♣
##.....[##
♣.♣♣♣
♣♣...♣♣
#[..#.###.
♣♣♣.♣♣
♣♣♣♣♣
###.##.#.#
♣....♣♣♣
#.###.##
♣..♣♣...♣
#.# ###
♣♣.
♣♣♣.♣♣♣♣
#.# .
♣♣...♣♣♣♣
#.# .♣
♣♣♣♣†.@♣
#.# ♣.
♣♣♣♣h.♣
#.# ♣♣.
♣.>♣ #.#
.. ♣♣♣ #.#
.♣ ####.#
.# #.##.#
.# #.##.#
##
#.##.###
#########
#.##...#


You could see a howler monkey.

Vanquished Creatures
  A hornet (D:6)
  Edmund (D:4)
  Menkaure (D:6)
  A water moccasin (D:5)
  2 black bears (D:5)
  Duvessa (D:4)
  An ice beast (D:6)
  An ogre (D:6)
  A centaur (D:6)
  3 phantoms
  A bullfrog (D:6)
  A gnoll sergeant (D:3)
  A scorpion (D:5)
  A wight (Ossuary)
  A water moccasin zombie (Ossuary)
  5 centaur zombies (Ossuary)
  A bullfrog zombie (Ossuary)
  A hound (D:6)
  A sleepcap (D:6)
  8 iguanas
  An orc wizard (D:5)
  An ogre zombie (Ossuary)
  A gnoll (D:6)
  15 adders
  A shadow imp (D:4)
  2 white imps
  2 adder zombies (Ossuary)
  3 worms
  2 dart slugs
  9 orcs
  6 endoplasms
  5 giant cockroaches
  3 goblins
  3 hobgoblins
  8 jackals (D:2)
  4 kobolds
  7 quokkas
  11 ball pythons
  3 bats
  2 frilled lizards (D:2)
  3 gnoll zombies (Ossuary)
  4 goblin zombies (Ossuary)
  8 hobgoblin zombies (Ossuary)
  6 orc zombies (Ossuary)
  7 rats
151 creatures vanquished.

Vanquished Creatures (collateral kills)
  Pikel (D:4)
  An ice beast (D:6)
2 creatures vanquished.

Vanquished Creatures (others)
  A lemure (D:4)
  Dowan (D:4)
  2 gnolls (D:6)
  An endoplasm (D:4)
5 creatures vanquished.

Grand Total: 158 creatures vanquished

Notes
Turn   | Place    | Note
-------+----------+-------------------------------------------
     0 | D:1      | avis the Felid Artificer began the quest for the Orb.
     0 | D:1      | Reached XP level 1. HP: 9/9 MP: 2/2
   395 | D:1      | Slain by a kobold
   409 | D:1      | Reached XP level 2. HP: 13/13 MP: 3/3
  1293 | D:2      | Reached XP level 3. HP: 16/16 MP: 4/4
  1394 | D:2      | Reached skill level 1 in Unarmed Combat
  1945 | D:2      | Reached XP level 4. HP: 20/20 MP: 5/5
  2623 | D:3      | Learned a level 2 spell: Blink
  2753 | D:3      | Found a faded altar of an unknown god.
  3351 | D:4      | Reached skill level 4 in Dodging
  3351 | D:4      | Reached skill level 1 in Translocations
  3351 | D:4      | Reached XP level 5. HP: 13/24 MP: 6/6
  3618 | D:3      | Reached skill level 5 in Dodging
  3618 | D:3      | Gained mutation: You are covered in thick fur. (AC +2)
                  | [Felid growth]
  3618 | D:3      | Reached XP level 6. HP: 28/28 MP: 7/7
  3730 | D:4      | Noticed Edmund
  3872 | D:3      | Gained mutation: You do not regenerate when monsters are
                  | visible. [potion of mutation]
  3872 | D:3      | Gained mutation: You are weak. (Str -2) [potion of
                  | mutation]
  3872 | D:3      | Lost mutation: You are weak. (Str -2) [potion of mutation]
  3872 | D:3      | Gained mutation: You are somewhat resistant to further
                  | mutation. [potion of mutation]
  3890 | D:4      | Killed Edmund
  3891 | D:4      | Reached skill level 6 in Dodging
  4095 | D:4      | Noticed Duvessa
  4095 | D:4      | Noticed Dowan
  4110 | D:4      | Your ally Dowan died
  4113 | D:4      | Mangled by Duvessa
  4146 | D:4      | Killed Duvessa
  4217 | D:4      | Noticed Ijyb
  4222 | D:4      | Ijyb changed into Ijyb the orc
  4222 | D:4      | Noticed Ijyb
  4226 | D:4      | Killed Ijyb the orc
  4328 | D:4      | Reached XP level 7. HP: 31/32 MP: 8/8
  4471 | D:4      | Noticed Pikel
  4486 | D:4      | Killed Pikel
  4487 | D:4      | Reached skill level 9 in Dodging
  4524 | D:4      | Found Opnummag's Magic Scroll Boutique.
  4701 | D:5      | Entered Level 5 of the Dungeon
  4708 | D:5      | Reached skill level 5 in Fighting
  4708 | D:5      | Reached XP level 8. HP: 37/37 MP: 9/9
  4912 | D:5      | Reached skill level 10 in Dodging
  4914 | D:5      | Found a sand-covered staircase.
  4919 | Ossuary  | Entered an ossuary
  5316 | Ossuary  | Reached skill level 11 in Dodging
  5372 | Ossuary  | Noticed a silent spectre
  5378 | Ossuary  | Slain by a wight
  5524 | D:5      | Reached skill level 12 in Dodging
  5864 | D:5      | Reached skill level 1 in Spellcasting
  6051 | D:6      | Reached XP level 9. HP: 40/40 MP: 11/11
  6090 | D:6      | Found a staircase to the Ecumenical Temple.
  6103 | D:6      | Reached skill level 5 in Stealth
  6800 | D:6      | Reached skill level 13 in Dodging
  6816 | D:6      | Noticed Menkaure
  6887 | D:6      | Killed Menkaure
  6926 | D:6      | Reached skill level 14 in Dodging
  6940 | D:6      | Slain by a howler monkey

Illustrated notes

Levels and vault maps discovered:
D:1:      minmay_arrival_jagged, layout_loops_corners, minmay_heptomino_d4
D:2:      layout_basic
D:3:      layout_loops_corners, shapermc_ecumenical_altar_ellora
D:4:      layout_gridville, serial_shops, kennysheep_little_box,
          minmay_misc_feat_five, minmay_cupped, uniq_pikel, uniq_edmund,
          uniq_duvessa, uniq_ijyb
D:5:      layout_basic, nicolae_ossuary_entry_false_entrances
D:6:      kb_forest_paths, layout_loops_ring, minmay_temple_entry_oklob,
          uniq_menkaure
D:7:      layout_rooms, nicolae_overflow_hallway_of_the_gods, serial_shops,
          nicolae_shop_bloodbath_and_beyond

Skill      XL: |  1  2  3  4  5  6  7  8  9 |
---------------+----------------------------+-----
Fighting       | 2 3 4 5 |  5.0
Evocations     | 4 |  4.0
Stealth        | 2 3 4 5 |  5.0
Unarmed Combat | 1 2 3 |  3.0
Dodging        | 4 5 6 9 12 14 | 14.2
Translocations | 1 2 3 |  3.0
Spellcasting   | 1 |  1.0

Action                     |  1- 3 |  4- 6 |  7- 9 || total
---------------------------+-------+-------+-------++-------
  Melee: Unarmed           |   189 |   153 |   289 ||   631
         Bite              |    18 |    15 |    39 ||    72
         Punch             |     2 |     6 |     8 ||    16
  Evoke: Wand              |     3 |    16 |    12 ||    31
    Use: Scroll            |       |     5 |     4 ||     9
         Potion            |       |     2 |       ||     2
   Stab: Sleeping          |     5 |     4 |     6 ||    15
         Invisible         |       |       |     1 ||     1
 Armour: Skin              |    53 |    34 |    72 ||   159
  Dodge: Dodged            |   137 |   104 |   274 ||   515

Table legend: (Time is in decaauts)
 A = Elapsed time spent in this place.
 B = Non-inter-level travel time spent in this place.
 C = Inter-level travel time spent in this place.
 D = Time resting spent in this place.
 E = Time spent auto-exploring this place.
 F = Levels seen in this place.
 G = Mean time per level.
                   A        B        C        D        E       F      G
               +--------+--------+--------+--------+--------+-----+--------+
         Total |   5903 |   5227 |    676 |    577 |   2323 |   8 |  737.9 |
       Dungeon |   5399 |   4723 |    676 |    548 |   2323 |   7 |  771.3 |
       Ossuary |    504 |    504 |      0 |     29 |      0 |   1 |  504.0 |
               +--------+--------+--------+--------+--------+-----+--------+

Top non-repeatable levels by time:
     D:4: 1200 daAuts
     D:2: 992 daAuts
     D:1: 984 daAuts
     D:3: 892 daAuts
     D:5: 712 daAuts
     D:6: 611 daAuts
 Ossuary: 504 daAuts
     D:7: 4 daAuts
